 Dungeon Crawl Stone Soup version 0.27.1-33-g824d729ab1 (webtiles) character file.

Game seed: 949584106409255253

320 Kranky the Magician (level 6, -1/44 HPs)
             Began as a Gnoll Wanderer on Dec 22, 2021.
             Slain by a kobold brigand (9 damage)
             ... in a sewer on Dec 23, 2021.
             The game lasted 00:11:49 (4088 turns).

Kranky the Magician (Gnoll Wanderer)                Turns: 4088, Time: 00:11:50

Health: -1/44      AC:  7    Str: 14    XL:     6   Next: 46%
Magic:  16/16      EV:  9    Int: 11    God:
Gold:   93         SH:  0    Dex: 11    Spells: 18/19 levels left

rFire    . . .     SeeInvis .   m - +2 dagger (venom)
rCold    . . .     Faith    .   (no shield)
rNeg     . . .     Spirit   .   p - +1 scale mail
rPois    .         Reflect  .   (no helmet)
rElec    .         Harm     .   (no cloak)
rCorr    .         Rampage  .   (no gloves)
Will     .....                  (no boots)
Stlth    ..........             (no amulet)
HPRegen  0.14/turn              (no ring)
MPRegen  0.15/turn              (no ring)

@: no status effects
A: fangs 1, strong nose, distributed training
a: no special abilities


You were in a sewer.
You visited 1 branch of the dungeon, and saw 3 of its levels.
You also visited: Sewer.

You collected 93 gold pieces.

Inventory:

Hand Weapons
 f - a +1 dagger
 m - a +2 dagger of venom (weapon)
Missiles
 l - 20 poisoned darts (quivered)
Armour
 b - a +0 robe
 i - a +0 ring mail
 p - a +1 scale mail (worn)
Scrolls
 a - a scroll of blinking
 e - 2 scrolls of enchant armour
Potions
 c - a potion of degeneration
 h - a potion of flight {unknown}
 j - a potion of haste {unknown}
 k - a potion of lignification {unknown}


   Skills:
 + Level 2.0 Fighting
 + Level 2.0 Short Blades
 + Level 2.0 Long Blades
 + Level 2.0 Axes
 + Level 2.0 Maces & Flails
 + Level 2.0 Polearms
 + Level 2.0 Staves
 + Level 2.0 Slings
 + Level 2.0 Bows
 + Level 2.0 Crossbows
 + Level 3.2 Throwing
 + Level 2.0 Armour
 + Level 2.0 Dodging
 + Level 2.0 Stealth
 + Level 3.2 Shields
 + Level 2.0 Unarmed Combat
 + Level 7.4 Spellcasting
 + Level 1.5 Conjurations
 + Level 2.6 Hexes
 + Level 2.6 Summonings
 + Level 1.5 Necromancy
 + Level 1.5 Translocations
 + Level 1.5 Transmutations
 + Level 1.5 Fire Magic
 + Level 4.1 Ice Magic
 + Level 1.5 Air Magic
 + Level 2.6 Earth Magic
 + Level 1.5 Poison Magic
 + Level 2.2 Invocations
 + Level 2.0 Evocations


You had 18 spell levels left.
You knew the following spells:

 Your Spells              Type           Power      Damage    Failure   Level
a - Freeze                Ice            52%        1d7       13%         1

Your spell library contained the following spells:

 Spells                   Type           Power      Damage    Failure   Level
 Frozen Ramparts          Ice            26%        1d4       36%         3
 Ozocubu's Armour         Ice            13%        N/A       36%         3
 Passwall                 Tmut/Erth      6%         N/A       41%         2
 Blink                    Tloc           N/A        N/A       50%         2
 Wereblood                Tmut           7%         N/A       50%         2
 Hailstorm                Conj/Ice       10%        3d5       91%         4
 Manifold Assault         Tloc           7%         N/A       100%        5
 Storm Form               Tmut/Air       3%         N/A       100%        7


Dungeon Overview and Level Annotations

Branches:
Dungeon (3/15)              Sewer (1/1)

Altars:
Makhleb
Zin

Annotations:
D:3 Ijyb, Natasha


Innate Abilities, Weirdness & Mutations

You have very sharp teeth.
Your uncanny sense of smell can sniff out nearby items.
Your experience applies equally to all skills.


Message History

The kobold brigand shouts!
The kobold brigand unwields a +0 short sword.
The kobold brigand wields a +0 hand crossbow.
The kobold brigand shoots a bolt.
The bolt hits you!
The kobold brigand shoots a bolt.
The bolt hits you.
You start resting.
A kobold brigand is nearby!
You enter the shallow water.
Moving in this stuff is going to be slow.
You start resting.
A kobold brigand is nearby!
You hit the kobold brigand.
The kobold brigand is poisoned.
The kobold brigand is lightly wounded.
The kobold brigand unwields a +0 hand crossbow.
The kobold brigand wields a +0 short sword.
The kobold brigand hits you but does no damage.
You barely miss the kobold brigand.
The kobold brigand is lightly wounded.
The kobold brigand hits you with a +0 short sword.
You hit the kobold brigand.
The kobold brigand looks as sick as possible!
The kobold brigand is lightly wounded.
The kobold brigand hits you with a +0 short sword.
You miss the kobold brigand.
The kobold brigand is lightly wounded.
The kobold brigand hits you but does no damage.
You hit the kobold brigand.
The kobold brigand looks as sick as possible!
The kobold brigand is moderately wounded.
The kobold brigand barely misses you.
You enter the shallow water.
Moving in this stuff is going to be slow.
The kobold brigand unwields a +0 short sword.
The kobold brigand wields a +0 hand crossbow.
The kobold brigand shoots a bolt.
The bolt hits you!
* * * LOW HITPOINT WARNING * * *
The kobold brigand unwields a +0 hand crossbow.
The kobold brigand wields a +0 short sword.
The kobold brigand hits you with a +0 short sword!
You die...

...≈..≈.≈≈. ....≈≈.≈≈≈#
.∩....≈.≈≈# .....≈≈≈≈≈#
.∩......≈≈# ....≈...≈.##
### ≈≈≈≈≈≈≈.≈≈.##
#####≈≈≈≈?
.≈....##≈≈≈.####≈K≈≈.#
.≈..≈####.≈....≈@###≈≈≈≈K
.≈≈≈.## #≈≈≈≈≈≈≈≈# ###
≈≈.≈≈.####...≈.≈≈#
≈≈≈≈.≈.≈########≈≈.≈
####≈..≈.# ##### ∆
##..≈.# ##.≈≈# #≈≈≈#
#≈≈.#


You could see a kobold brigand (extremely poisoned).

Vanquished Creatures
  3 kobold brigands (Sewer)
  4 adders
  A dart slug (D:2)
  3 worms
  2 bats (D:2)
  11 endoplasms
  2 giant cockroaches
  3 goblins
  5 hobgoblins
  9 kobolds
  A quokka (D:1)
  10 ball pythons
  3 frilled lizards
  10 rats
67 creatures vanquished.

Vanquished Creatures (collateral kills)
  An adder (D:3)
  A goblin (D:3)
2 creatures vanquished.

Grand Total: 69 creatures vanquished

Notes
Turn   | Place    | Note
-------+----------+-------------------------------------------
     0 | D:1      | Kranky the Gnoll Wanderer began the quest for the Orb.
     0 | D:1      | Kranky set off with the following items: a +0 club, a +0
                  | robe; and the following spells available to memorise:
                  | Freeze, Frozen Ramparts, Ozocubu's Armour, Passwall,
                  | Wereblood, Hailstorm
     0 | D:1      | Reached XP level 1. HP: 13/13 MP: 8/8
     2 | D:1      | Learned a level 1 spell: Freeze
     3 | D:1      | Found a glowing silver altar of Zin.
   130 | D:1      | Reached XP level 2. HP: 14/19 MP: 2/10
   775 | D:1      | Found a faded altar of an unknown god.
  1213 | D:1      | Reached XP level 3. HP: 25/25 MP: 9/11
  1775 | D:2      | Found a burning altar of Makhleb.
  1785 | D:2      | Reached skill level 1 in Invocations
  1874 | D:2      | Reached skill level 1 in Fighting
  1874 | D:2      | Reached skill level 1 in Short Blades
  1874 | D:2      | Reached skill level 1 in Long Blades
  1874 | D:2      | Reached skill level 1 in Axes
  1874 | D:2      | Reached skill level 1 in Maces & Flails
  1874 | D:2      | Reached skill level 1 in Polearms
  1874 | D:2      | Reached skill level 1 in Staves
  1874 | D:2      | Reached skill level 1 in Slings
  1874 | D:2      | Reached skill level 1 in Bows
  1874 | D:2      | Reached skill level 1 in Crossbows
  1874 | D:2      | Reached skill level 1 in Armour
  1874 | D:2      | Reached skill level 1 in Dodging
  1874 | D:2      | Reached skill level 1 in Stealth
  1874 | D:2      | Reached skill level 1 in Unarmed Combat
  1874 | D:2      | Reached skill level 1 in Evocations
  1950 | D:2      | Reached XP level 4. HP: 8/32 MP: 10/13
  2644 | D:3      | Noticed Natasha
  2655 | D:3      | Noticed Ijyb
  2758 | D:3      | Found a glowing drain.
  2778 | Sewer    | Entered a sewer
  2797 | Sewer    | Noticed a kobold brigand
  2821 | Sewer    | Killed a kobold brigand
  2822 | Sewer    | Reached skill level 1 in Conjurations
  2822 | Sewer    | Reached skill level 1 in Necromancy
  2822 | Sewer    | Reached skill level 1 in Translocations
  2822 | Sewer    | Reached skill level 1 in Transmutations
  2822 | Sewer    | Reached skill level 1 in Fire Magic
  2822 | Sewer    | Reached skill level 1 in Air Magic
  2822 | Sewer    | Reached skill level 1 in Poison Magic
  2822 | Sewer    | Reached XP level 5. HP: 7/37 MP: 11/14
  3746 | Sewer    | Noticed a kobold brigand
  3746 | Sewer    | Noticed a kobold brigand
  3761 | Sewer    | Killed a kobold brigand
  3762 | Sewer    | Reached XP level 6. HP: 6/44 MP: 16/16
  3762 | Sewer    | HP: 2/44 [kobold brigand (3)]
  4088 | Sewer    | Slain by a kobold brigand

Illustrated notes

Levels and vault maps discovered:
D:1:      sevenhm_arrival_forest_fort_small_6, layout_basic,
          ebering_ecumenical_altar_webs, roderic_lattice_a
D:2:      layout_basic, basic_altar
D:3:      layout_basic, portal_sewer_entry_b, kennysheep_generic_room_2,
          uniq_ijyb, uniq_crazy_yiuf_cottage, uniq_natasha
Sewer:    sewer_co_tree

Skill      XL: |  1  2  3  4  5  6 |
---------------+-------------------+-----
Hexes          | 2 |  2.6
Summonings     | 2 |  2.6
Earth Magic    | 2 |  2.6
Invocations    | 1 2 |  2.2
Fighting       | 1 2 |  2.0
Short Blades   | 1 2 |  2.0
Long Blades    | 1 2 |  2.0
Axes           | 1 2 |  2.0
Maces & Flails | 1 2 |  2.0
Polearms       | 1 2 |  2.0
Staves         | 1 2 |  2.0
Slings         | 1 2 |  2.0
Bows           | 1 2 |  2.0
Crossbows      | 1 2 |  2.0
Armour         | 1 2 |  2.0
Dodging        | 1 2 |  2.0
Stealth        | 1 2 |  2.0
Unarmed Combat | 1 2 |  2.0
Evocations     | 1 2 |  2.0
Conjurations   | 1 |  1.5
Necromancy     | 1 |  1.5
Translocations | 1 |  1.5
Transmutations | 1 |  1.5
Fire Magic     | 1 |  1.5
Air Magic      | 1 |  1.5
Poison Magic   | 1 |  1.5
Throwing       | 3 |  3.2
Shields        | 3 |  3.2
Ice Magic      | 4 |  4.1
Spellcasting   | |  7.4

Action                   |  1- 3 |  4- 6 || total
-------------------------+-------+-------++-------
Melee: Club              |     8 |       ||     8
       Dagger            |    47 |   100 ||   147
       Bite              |     5 |     6 ||    11
       Punch             |     1 |       ||     1
Throw: Dart              |       |    14 ||    14
 Cast: Freeze            |    45 |    13 ||    58
  Use: Scroll            |       |     6 ||     6
       Potion            |       |     2 ||     2
Armor: Robe              |    31 |       ||    31
       Scale mail        |       |    49 ||    49
Dodge: Dodged            |    53 |    37 ||    90
